Dumpling, chaotic male elven Priest ---- ------------------- ----..--- --..........%......-- ------.|.....-- |....-----.-----....| ----.--.....|....| |....-- |-.---|....| ----- ---- |..........---...| ---...| |....|--.%.------------ |...-- |..| |..........----..| ---..[----..*.|.[.|...|-..||...-- |....| |..-- ---..........----- |...).%........%-----o|...---...| |.--.-- --..-- |-..---.|...| --...------......- |.@....||..-| |.||..--------...| |...| ------- |...-------.......| ---....--...-- |.||.....^......-- ---.---------- --................-- ----...%......| |.||.----#----..| ---...----..--.-- |.....--------...-- |.............| |.||...--- |...----...............| --.|....--- ----- --...........-- |.----...-- |.....|......-----.....| ----.....---- --....^..(..| |..|--....| --.--.........| |.....| ---....|.--- --.>.....).---|-.||....-- ---|.........| --....-- ----.^...-- --........).|-..|--...|---- |......|.-- |.....-- |......--- |..---....)|...--|...--..| --....---- --.....| |........-- ---- ---.|......||.......| ---...-- --....| --...|....| -----....|---....-- |...--- ------ |..---..-- --..-- |..--- |..-- ---- ---- ---- ---- ---- Dumpling the Acolyte Experience level: 5 Strength: 15 Dexterity: 11 Constitution: 15 Intelligence: 8 Wisdom: 17 Charisma: 9 Health: 0(35) Energy: 24(37) Def: 7 Gold: 292 Moves: 2181 Dungeon seed: Nq0VWRqxE9buGx0l Game ID: Dumpling_1615505329 Your Inventory: Coins $ - 292 gold pieces Weapons a - a blessed +1 mace (weapon in hand) k - 10 +0 arrows m - 8 +0 elven arrows s - a +0 elven dagger u - 7 +0 darts Armor e - a +0 robe (being worn) n - a +0 small shield (being worn) q - a blessed +1 orcish helm N - a +0 orcish helm (being worn) Comestibles c - a clove of garlic d - a sprig of wolfsbane w - a food ration Scrolls l - a cursed scroll of remove curse p - a cursed scroll of fire Spellbooks f - a blessed spellbook of protection g - a spellbook of cure blindness Potions b - 4 potions of holy water i - a potion of sleeping j - a potion of gain energy Rings B - a cursed ring of teleport control Wands A - a wand of magic missile (0:4) Tools h - a wooden harp r - a leash t - a +0 pick-axe (alternate weapon; not wielded) v - 5 wax candles (0:400) x - 7 tallow candles (0:200) Gems y - a worthless piece of green glass z - 2 worthless pieces of violet glass Spells and supernatural/magical abilities: Name Level Category Fail Memory p - protection 1 clerical 0% 90% B - cure blindness 2 healing 48% 90% W - pray for help -- divine ? -- X - turn undead -- divine ? -- Your skills at the end: Fighting Skills Weapon Skills mace [Basic] Spellcasting Skills clerical spells [Basic] Final Attributes: You were piously aligned. You were sleep resistant. You had infravision. You were protected. You are dead. Vanquished creatures: a shrieker 2 gnome lords a kobold mummy a little dog a kitten 2 dwarves 5 hill orcs 2 orc zombies 3 hobbits 6 manes 2 giant rats a yellow mold a green mold 7 gnomes a gecko 2 foxes a goblin 2 sewer rats 9 grid bugs 2 lichens a newt 53 creatures vanquished. Voluntary challenges: You used a wielded weapon 68 times, starting on turn 69. You read items or engraved 1 time, starting on turn 392. You never genocided any monsters. You never polymorphed an object. You never changed form. You used no wishes. You never split a pudding. You never wrote Elbereth's name. You never violated your personal moral code. Dungeon overview: The Dungeons of Doom: levels 1 to 4 Level 1 an altar to Poseidon, a fountain a long staircase Level 2 stairs to The Gnomish Mines Level 3 a fountain, a sink Level 4 a fountain The Gnomish Mines: Level 3 <- You were here stairs to The Dungeons of Doom History has recorded: On T:1 you entered the Dungeons of Doom to retrieve the Amulet of Yendor! On T:387 you reached level 2 of The Dungeons of Doom. On T:667 you reached level 3 of The Dungeons of Doom. On T:766 you advanced to experience level 2. On T:957 you reached level 4 of The Dungeons of Doom. On T:1102 you advanced to experience level 3. On T:1614 you reached level 1 of The Gnomish Mines. On T:1654 you advanced to experience level 4. On T:1818 you advanced to experience level 5. Score breakdown: Gold: 292 ( 8391 points) Experience: 5 levels (11141 points) Exploration: 4 levels ( 7.84%) ( 7348 points) Discoveries: 2 items ( 0.70%) ( 2508 points) Valuables value: (no points given unless you survive) Artifact value: 0 ( 0 points) Variety of kills: 21 monsters ( 5.51%) ( 7043 points) Turncount: 2181 turns ( -128 points) Survival: died (score multiplied by 80%) Total score: 29042 Latest messages: The golden haze around you becomes less dense. The hill orc hits! You kill the hill orc! You see here a hill orc corpse. This hill orc corpse tastes terrible! You stop eating. The golden haze around you disappears. The hill orc wields an elven dagger! The hill orc throws a dagger! The dagger hits the hill orc. You kill the hill orc! The hill orc wields a curved sword! There are several objects here. The hill orc swings his curved sword. The hill orc hits! The air around you begins to shimmer with a golden haze. You hit the hill orc! The hill orc swings his curved sword. The hill orc hits! You die... Final status: Goodbye Dumpling the Priest, killed by a hill orc... You died in The Gnomish Mines on dungeon level 3 with 29042 points, and 292 pieces of gold, after 2181 moves. You were level 5 with a maximum of 35 hit points when you died.